 Dungeon Crawl Stone Soup version 0.28.0-45-g0d030f2227 (webtiles) character file.

Game seed: 40981365249649629

43 CryoSword the Sneak (level 3, 0/18 HPs)
             Began as a Vine Stalker Brigand on Apr 8, 2022.
             Succumbed to an adder's poison
             ... on level 2 of the Dungeon.
             The game lasted 00:01:09 (1471 turns).

CryoSword the Sneak (Vine Stalker Brigand)          Turns: 1471, Time: 00:01:09

Health: 0/18       AC:  3    Str: 15    XL:     3   Next: 58%
Magic:  1/4        EV: 12    Int: 11    God:
Gold:   15         SH:  0    Dex: 21    Spells: 2/2 levels left

rFire   . . .      SeeInvis .   a - +2 dagger
rCold   . . .      Faith    .   (no shield)
rNeg    . . .      Spirit   +   b - +0 robe
rPois   .          Reflect  .   (no helmet)
rElec   .          Harm     .   c - +0 cloak
rCorr   .          Rampage  .   (no gloves)
Will    .....                   (no boots)
Stlth   +++.......              (no amulet)
HPRegen 0.06/turn               f - +6 ring of dexterity
MPRegen 0.09/turn               (no ring)

@: brilliant, lethally poisoned (0 -> -3)
A: fangs 2, magic shield, antimagic bite, no potion heal 2
a: no special abilities


You were on level 2 of the Dungeon.
You visited 1 branch of the dungeon, and saw 2 of its levels.

You collected 15 gold pieces.

Inventory:

Hand Weapons
 a - a +2 dagger (weapon)
Missiles
 d - 8 poisoned darts (quivered)
Armour
 b - a +0 robe (worn)
 c - a +0 cloak (worn)
Jewellery
 f - a +6 ring of dexterity (left hand)
   (You found it on level 1 of the Dungeon)
Scrolls
 h - 2 scrolls of magic mapping {unknown}


   Skills:
 + Level 2.2 Fighting
 + Level 2.2 Short Blades
 + Level 2.2 Throwing
 + Level 1.3 Dodging
 + Level 5.2 Stealth


You had 2 spell levels left.
You didn't know any spells.
Your spell library was empty.

Dungeon Overview and Level Annotations

Branches:
Dungeon (2/15)

Altars:
Okawaru


Innate Abilities, Weirdness & Mutations

You have extremely sharp teeth.
When hurt, damage is shared between your health and your magic reserves.
Your bite disrupts and absorbs the magic of your enemies.
Potions cannot restore your health.


Message History

You are too injured to fight recklessly!
You are too injured to fight recklessly!
You are too injured to fight recklessly!
You are too injured to fight recklessly!
You are too injured to fight recklessly!
You are too injured to fight recklessly!
You are too injured to fight recklessly!
You are too injured to fight recklessly!
You are too injured to fight recklessly!
You are too injured to fight recklessly!
You are too injured to fight recklessly!
You are too injured to fight recklessly!
You closely miss the hobgoblin. You punch the hobgoblin.
You bite the hobgoblin.
You kill the hobgoblin!
You see here a hobgoblin corpse.
You start resting.
You feel agile.
f - a +6 ring of dexterity (left hand)
Found a spear.
A bat comes into view.
A bat is nearby!
A bat is nearby!
A bat is nearby!
Found a stone staircase leading down.
The bat hits you but does no damage. The bat hits you but does no damage. x2
You hit the bat.
You kill the bat!
You have reached level 3!
Your experience leads to an increase in your attributes!
Your base attributes are Str 13, Int 11, Dex 15.
Increase (S)trength, (I)ntelligence, or (D)exterity?
You feel stronger. x2
You see here a bat corpse.
There is a stone staircase leading down here.
Found a faded altar of an unknown god.
h - 2 scrolls labelled OSCHOF DOKKI
Found 20 sling bullets.
You see here 20 sling bullets.
You see here 20 sling bullets.
Done exploring.
Done exploring.
Done exploring.
Done exploring.
You see here a bat skeleton.
There is a stone staircase leading down here.
You climb downwards.
Found a quarterstaff.
There is a stone staircase leading up here.
Found a ring mail.
Could not explore, unopened door.
Could not explore, unopened door.
Could not explore, unopened door.
You open the door.
There is an open door here.
A giant cockroach comes into view.
A giant cockroach is nearby!
A giant cockroach is nearby!
A giant cockroach is nearby!
The helpless giant cockroach fails to defend itself.
You impale the giant cockroach!!
You kill the giant cockroach!
No target in view!
No target in view!
No target in view!
No target in view!
No target in view!
No target in view!
No target in view!
Found a stone staircase leading up.
There is a stone staircase leading up here.
An adder comes into view.
An adder is nearby!
An adder is nearby!
Throw: 2 darts (curare)
Aim: an adder (asleep, 98% to hit)
You throw a curare-tipped dart. The curare-tipped dart hits the adder.
The adder is poisoned.
The adder convulses.
The adder seems to slow down.
The adder hisses angrily.
Throw: dart (curare)
Aim: an adder (heavily wounded, very poisoned, slow, 48% to hit)
You throw a curare-tipped dart.
The curare-tipped dart barely misses the adder.
Throw: 8 darts (poison)
Aim: an adder (heavily wounded, very poisoned, slow, 48% to hit)
You throw a poisoned dart. The poisoned dart misses the adder.
You hit the adder.
You kill the adder!
No target in view!
You see here an adder corpse.
d - 8 poisoned darts (gained 1)
You see here an adder corpse.
Found an iron altar of Okawaru.
Found a stone staircase leading down.
An adder comes into view.
An adder is nearby!
An adder is nearby!
An adder is nearby!
An adder is nearby!
An adder is nearby!
A ball python comes into view.
Found 9 gold pieces.
The ball python hisses angrily.
The adder hisses angrily.
The adder barely misses you.
You hit the adder. The adder closely misses you.
The ball python bites you but does no damage.
The ball python grabs you. The ball python constricts you.
You escape the ball python's grasp.
The adder bites you.
You are poisoned.
The adder poisons you!
Okay, then.
You completely miss the adder.
You feel sick. The ball python bites you. The ball python grabs you.
The ball python constricts you. The adder closely misses you.
It was a potion of brilliance.
You feel clever all of a sudden.
You feel sick. The adder barely misses you. The ball python closely misses you.
The ball python constricts you.
You hit the adder.
You feel sick.
The ball python bites you but does no damage.
The ball python constricts you. The adder bites you but does no damage.
You closely miss the adder.
You feel sick. The adder barely misses you. The ball python barely misses you.
The ball python constricts you.
You miss the adder.
You feel sick. The adder barely misses you. The ball python bites you.
* * * LOW HITPOINT WARNING * * *
The ball python constricts you.
You hit the adder. You bite the adder. You drain its power.
You feel invigorated. The adder barely misses you.
The ball python bites you but does no damage.
The ball python constricts you.
* * * LOW HITPOINT WARNING * * *
The adder bites you.
* * * LOW HITPOINT WARNING * * *
You are lethally poisoned!
The adder poisons you!
You miss the adder. You bite the adder.
You kill the adder!
* * * LOW HITPOINT WARNING * * *
You feel sick. The ball python barely misses you.
The ball python constricts you.
The ball python bites you but does no damage.
The ball python constricts you.
You hit the ball python.
You kill the ball python!
You die...

#.#...........#
#.######.##.###
#.# #..#.#
.......#.#
##.#.#
.......#.#
#...#
.......#.#
##..#
.......#.#
######..###.#
....)..#.#
#......>....#
.......#.#
#....@......#
.......#.#
#...†.........
.[.....#.#
#.............
.......#.#
#.............
#'####.#.#
#...........##
#.# #<#.#
#...........#
#.# ###.#
#$..........#
#.# #.#
#######.###.#
#.# #.# .#


There were no monsters in sight!

Vanquished Creatures
  2 adders (D:2)
  A dart slug (D:1)
  3 bats (D:1)
  2 endoplasms (D:1)
  2 giant cockroaches
  4 goblins (D:1)
  4 hobgoblins (D:1)
  A quokka (D:1)
  2 ball pythons
  2 frilled lizards (D:1)
23 creatures vanquished.

Notes
Turn   | Place    | Note
-------+----------+-------------------------------------------
     0 | D:1      | CryoSword the Vine Stalker Brigand began the quest for the
                  | Orb.
     0 | D:1      | Reached XP level 1. HP: 11/11 MP: 2/2
   365 | D:1      | Reached skill level 1 in Dodging
   365 | D:1      | Reached XP level 2. HP: 15/15 MP: 3/3
   384 | D:1      | Reached skill level 5 in Stealth
  1017 | D:1      | Reached XP level 3. HP: 18/18 MP: 4/4
  1045 | D:1      | Found a faded altar of an unknown god.
  1401 | D:2      | Found an iron altar of Okawaru.
  1471 | D:2      | Succumbed to an adder's poison

Illustrated notes

Levels and vault maps discovered:
D:1:      nicolae_arrival_washed_ashore, layout_loops_ring,
          shapermc_ecumenical_altar_petra, hangedman_abyss_or_decor_lesser_grid,
          st_stairs_10, minmay_hedge_maze, minmay_misc_feat_iff,
          minmay_misc_feat_diagonals
D:2:      layout_basic, basic_altar

Skill      XL: |  1  2 |
---------------+-------+-----
Dodging        | 1 |  1.3
Fighting       | 2 |  2.2
Short Blades   | 2 |  2.2
Stealth        | 5 |  5.2
Throwing       | 2 |  2.2

Action                   || total
-------------------------++-------
Melee: Dagger            ||    62
       Bite              ||     9
       Punch             ||     1
Throw: Dart              ||     3
  Use: Potion            ||     1
 Stab: Sleeping          ||     6
Armor: Robe              ||    18
Dodge: Dodged            ||    34
